 Dungeon Crawl Stone Soup version 0.30-a0-364-gf6b3ef1049 (webtiles) character file.

Game seed: 1019122340798437690

92 SmokeWeed the Sneak (level 4, -3/29 HPs)
             Began as an Octopode Brigand on Nov 15, 2022.
             Slain by Ijyb
             ... wielding a +0 club
              (5 damage)
             ... on level 3 of the Dungeon.
             The game lasted 00:07:35 (1906 turns).

SmokeWeed the Sneak (Octopode Brigand)              Turns: 1906, Time: 00:07:35

Health: -3/29      AC:  1    Str: 10    XL:     4   Next: 60%
Magic:  5/5        EV: 13    Int: 15    God:
Gold:   158        SH:  0    Dex: 13    Spells: 4/4 levels left

rFire   . . .      SeeInvis .    a - +2 dagger
rCold   . . .      Faith    .    (no shield)
rNeg    . . .      Spirit   .    (helmet restricted)
rPois   .          Reflect  .    (no amulet)
rElec   .          Harm     .    (no ring)
rCorr   .          Rampage  .    (no ring)
Will    .....                    (no ring)
Stlth   ++++......               (no ring)
HPRegen 0.24/turn                (no ring)
MPRegen 0.09/turn                (no ring)
                                 (no ring)
                                 (no ring)

@: brilliant, flying
A: almost no armour, amphibious, 8 rings, camouflage 1, gelatinous body 1,
(nimble swimmer 1), tentacles
a: no special abilities


You were on level 3 of the Dungeon.
You visited 1 branch of the dungeon, and saw 3 of its levels.

You collected 158 gold pieces.

Inventory:

Hand Weapons
 a - a +2 dagger (weapon)
Missiles
 b - 7 poisoned darts (quivered)
 c - 3 curare-tipped darts
Magical Staves
 e - a staff of poison
Scrolls
 g - 4 scrolls of identify {unknown}
 i - a scroll of poison {unknown}
 j - 2 scrolls of magic mapping {unknown}
 k - a scroll of enchant weapon {unknown}
Potions
 f - a potion of ambrosia {unknown}
 h - 2 potions of brilliance


   Skills:
 * Level 2.2 Fighting
 - Level 2.1 Short Blades
 + Level 2.1 Throwing
 * Level 1.7 Dodging
 + Level 6.7 Stealth
 * Level 0.9 Spellcasting
 * Level 1.6 Poison Magic


You had 4 spell levels left.
You didn't know any spells.
Your spell library contained the following spells:

 Spells                   Type           Power      Damage    Failure   Level
 Magic Dart               Conj           4%         1d3       26%         1
 Call Imp                 Summ           1%         N/A       36%         2
 Mephitic Cloud           Conj/Pois/Air  3%         N/A       52%         3


Dungeon Overview and Level Annotations

Branches:
Dungeon (3/15)

Altars:

Shops:
D:1 [

Annotations:
D:3 Ijyb


Innate Abilities, Weirdness & Mutations

You cannot wear most types of armour.
You are amphibious.
You can wear up to eight rings at the same time.
Your skin changes colour to match your surroundings (Stealth+).
Your rubbery body absorbs attacks. (AC +1, EV +1)
((You are camouflaged when in or above water. (Stealth+)))
You have tentacles for arms and can constrict up to eight enemies at once.


Message History

The kobold hits you with a +2 dagger of venom.
You see here a sapphire potion.
You kill the kobold!
Throw: 11 darts (poison)
Press: ? - help, Q - select action, (/) - cycle Shift-Dir - straight line, f - Ijyb
Aim: Ijyb, wielding a +0 club, wearing a +0 leather armour and carrying a wand of flame (19) (51% to hit)
You throw a poisoned dart. The poisoned dart barely misses Ijyb.
Ijyb attacks as you move away! Ijyb hits you with a +0 club!
Throw: 10 darts (poison)
Press: ? - help, Q - select action, (/) - cycle Shift-Dir - straight line, f/p - Ijyb
Aim: Ijyb, wielding a +0 club, wearing a +0 leather armour and carrying a wand of flame (19) (51% to hit)
You throw a poisoned dart. The poisoned dart hits Ijyb.
Ijyb is poisoned.
Ijyb closely misses you.
Ijyb grins evilly.
Throw: 9 darts (poison)
Press: ? - help, Q - select action, (/) - cycle Shift-Dir - straight line, f/p - Ijyb
Aim: Ijyb, wielding a +0 club, wearing a +0 leather armour and carrying a wand of flame (19) (moderately wounded, poisoned, 51% to hit)
You throw a poisoned dart. The poisoned dart hits Ijyb.
Ijyb looks even sicker.
Ijyb is moderately wounded.
Ijyb zaps a wand.
The puff of flame misses you. Ijyb attacks as you move away!
Ijyb hits you with a +0 club.
Ijyb zaps a wand.
The puff of flame hits you.
* * * LOW HITPOINT WARNING * * *
It was a potion of flight.
You feel very buoyant.
You fly up into the air.
Ijyb attacks as you move away! Ijyb hits you with a +0 club.
* * * LOW HITPOINT WARNING * * *
Ijyb zaps a wand.
The puff of flame misses you.
Ijyb screams, "You nasty!
Big nasty!"
Ijyb looks more healthy.
Throw: 8 darts (poison)
Press: ? - help, Q - select action, (/) - cycle Shift-Dir - straight line, f/p - Ijyb
Aim: Ijyb, wielding a +0 club, wearing a +0 leather armour and carrying a wand of flame (16) (severely wounded, 51% to hit)
You throw a poisoned dart. The poisoned dart barely misses Ijyb.
The poisoned dart hits the orc.
The orc is poisoned.
Ijyb attacks as you move away! Ijyb completely misses you.
Ijyb attacks as you move away! Ijyb hits you with a +0 club.
You die...

#.##...####.# #.#
## #....).# #.#
#.# #. #####..#
#.# #.#####.
#..####.###.......
#.............<...
#..####.##########
.######.†####.# #
..............# #
######@.###### #
#....g.# #
#.###.## # #o# #
#.# # #S# #
#.########
#...oS...#
#.######(#


You could see Ijyb, an adder and an orc (poisoned).

Vanquished Creatures
  Jessica (D:3)
  Terence (D:2)
  2 dart slugs
  An orc (D:3)
  3 ball pythons
  2 endoplasms (D:1)
  7 goblins
  2 hobgoblins
  2 jackals (D:1)
  6 kobolds
  2 quokkas (D:1)
  A bat (D:2)
  3 frilled lizards
  4 rats (D:1)
37 creatures vanquished.

Notes
Turn   | Place    | Note
-------+----------+-------------------------------------------
     0 | D:1      | SmokeWeed the Octopode Brigand began the quest for the Orb.
     0 | D:1      | Reached XP level 1. HP: 14/14 MP: 1/1
   148 | D:1      | Reached XP level 2. HP: 19/19 MP: 2/2
   170 | D:1      | Found Kudixzab's Armour Boutique.
   184 | D:1      | Reached skill level 6 in Stealth
   608 | D:1      | Reached skill level 1 in Poison Magic
   608 | D:1      | Reached XP level 3. HP: 24/24 MP: 3/3
  1271 | D:2      | Noticed Terence
  1286 | D:2      | Killed Terence
  1733 | D:3      | Reached XP level 4. HP: 27/29 MP: 4/4
  1816 | D:3      | Noticed Jessica
  1821 | D:3      | Killed Jessica
  1864 | D:3      | Noticed Ijyb
  1899 | D:3      | HP: 1/29 [Ijyb/+0 club (4)]
  1906 | D:3      | Slain by Ijyb

Illustrated notes

Levels and vault maps discovered:
D:1:      giann_horns, layout_rooms, serial_shops, shop, dreamdust_wishing_well,
          corexii_item_surrounded_by_moat, nicolae_titane
D:2:      layout_basic, uniq_terence
D:3:      layout_loops_ring, mainiacjoe_overflow_surrounded_room,
          lemuel_tele_altar, nicolae_qazlal_style_of_elements, uniq_jessica,
          uniq_ijyb, uniq_robin

Skill      XL: |  1  2 |
---------------+-------+-----
Stealth        | 6 |  6.7
Poison Magic   | 1 |  1.6
Fighting       | |  2.2
Short Blades   | |  2.1
Throwing       | |  2.1
Dodging        | |  1.7
Spellcasting   | |  0.9

Action                   |  1- 3 |  4- 6 || total
-------------------------+-------+-------++-------
Melee: Dagger            |    53 |     7 ||    60
       Constrict         |    11 |     1 ||    12
       Tentacles         |    11 |     1 ||    12
       Punch             |     1 |       ||     1
Throw: Dart              |    15 |     5 ||    20
  Use: Scroll            |     1 |       ||     1
       Potion            |       |     4 ||     4
 Stab: Sleeping          |    12 |     4 ||    16
Armor: Skin              |     3 |     1 ||     4
Dodge: Dodged            |    22 |     7 ||    29

Table legend: (Time is in decaauts)
 A = Elapsed time spent in this place.
 B = Non-inter-level travel time spent in this place.
 C = Inter-level travel time spent in this place.
 D = Time resting spent in this place.
 E = Time spent auto-exploring this place.
 F = Levels seen in this place.
 G = Mean time per level.
                   A        B        C        D        E       F      G
               +--------+--------+--------+--------+--------+-----+--------+
         Total |   1897 |   1844 |     53 |    163 |   1332 |   3 |  632.3 |
       Dungeon |   1897 |   1844 |     53 |    163 |   1332 |   3 |  632.3 |
               +--------+--------+--------+--------+--------+-----+--------+

Top non-repeatable levels by time:
     D:2: 872 daAuts
     D:1: 799 daAuts
     D:3: 225 daAuts
